 Dungeon Crawl Stone Soup version 0.22.0-16-gc6d26f69f9 (webtiles) character file.

2 Acheron the Caller (level 1, -2/9 HPs)
             Began as a Vine Stalker Summoner on Aug 18, 2018.
             Slain by a hobgoblin (4 damage)
             ... on level 1 of the Dungeon.
             The game lasted 00:02:26 (179 turns).

Acheron the Caller (Vine Stalker Summoner)           Turns: 179, Time: 00:02:27

Health: -2/9       AC:  2    Str: 10    XL:     1   Next: 40%
Magic:  0/4        EV: 12    Int: 15    God:
Gold:   11         SH:  0    Dex: 14    Spells: 3/4 levels left

rFire    . . .     SeeInvis .   (no weapon)
rCold    . . .     Gourm    .   (no shield)
rNeg     . . .     Faith    .   a - +0 robe
rPois    .         Spirit   +   (no helmet)
rElec    .         Reflect  .   (no cloak)
rCorr    .         Harm     .   (no gloves)
MR       .....                  (no boots)
Stlth    ++........             (no amulet)
HPRegen  0.03/turn              (no ring)
MPRegen  0.09/turn              (no ring)

@: no status effects
A: fangs 2, magic shield, antimagic bite, no potion heal 3, rot immunity
a: no special abilities


You were on level 1 of the Dungeon.
You were not hungry.

You visited 1 branch of the dungeon, and saw 2 of its levels.

You collected 11 gold pieces.

Inventory:

Missiles
 f - 3 stones (quivered)
Armour
 a - a +0 robe (worn)
Scrolls
 b - a scroll of random uselessness {unknown}
Potions
 d - a potion of flight {unknown}
Comestibles
 c - 2 chunks of flesh
 e - a ration {!d}


   Skills:
 * Level 1.6 Dodging
 * Level 2.5 Stealth
 + Level 0.0 Unarmed Combat
 * Level 2.2 Spellcasting
 + Level 4.0 Summonings


You had 3 spell levels left.
You knew the following spells:

 Your Spells              Type           Power        Failure   Level  Hunger
a - Summon Small Mammal   Summ           ##..         4%          1    #......

Your spell library contained the following spells:

 Spells                   Type           Power        Failure   Level  Hunger
 Summon Ice Beast         Ice/Summ       #.......     67%         4    #####..
 Call Imp                 Summ           ##......     6%          2    ###....
 Call Canine Familiar     Summ           ##......     12%         3    ###....
 Summon Lightning Spire   Summ/Air       #.......     67%         4    #####..
 Summon Guardian Golem    Hex/Summ       #.......     28%         3    ###....


Dungeon Overview and Level Annotations

Branches:
Dungeon (2/15)

Altars:


Innate Abilities, Weirdness & Mutations

You have extremely sharp teeth.
When hurt, damage is shared between your health and your magic reserves.
Your bite disrupts and absorbs the magic of your enemies.
Potions cannot restore your health.
You are immune to rotting.


Message History

A rat comes into view.
Your quokka bites the rat.
The rat dies!
You see here a rat corpse.
You butcher the rat corpse.
c - 2 chunks of flesh (gained 1)
You swap places.
You swap places.
Your quokka disappears in a puff of smoke!
Found a stone staircase leading up and a stone staircase leading down.
There is a stone staircase leading up here.
You climb upwards.
The hobgoblin shouts!
A rat comes into view.
Found a scroll labeled LIEPPY UHIMOCS and a club.
There is a stone staircase leading down here.
The hobgoblin closely misses you.
You hit the hobgoblin but do no damage.
Your bat closely misses the hobgoblin.
The hobgoblin closely misses you.
Your bat barely misses the hobgoblin.
The hobgoblin barely misses you. The rat bites you.
You hit the rat.
You kill the rat!
Your bat hits the hobgoblin. The hobgoblin closely misses you.
You completely miss the hobgoblin.
You bite the hobgoblin, but do no damage.
Your bat closely misses the hobgoblin.
Your bat barely misses the hobgoblin.
The hobgoblin barely misses you.
You hit the hobgoblin but do no damage. Your bat misses the hobgoblin.
Your bat closely misses the hobgoblin.
The hobgoblin hits you.
You barely miss the hobgoblin. Your bite misses the hobgoblin.
Your bat closely misses the hobgoblin.
Your bat misses the hobgoblin. The hobgoblin hits you.
* * * LOW HITPOINT WARNING * * *
Your bat barely misses the hobgoblin.
Your bat hits the hobgoblin but does no damage.
Your bat closely misses the hobgoblin.
Your bat hits the hobgoblin but does no damage.
Your bat barely misses the hobgoblin.
Your bat closely misses the hobgoblin.
You swap places.
Your bat closely misses the hobgoblin.
Your bat barely misses the hobgoblin. x2
Your bat hits the hobgoblin but does no damage.
The hobgoblin barely misses you.
Your bat barely misses the hobgoblin.
Your bat hits the hobgoblin but does no damage. x2
The hobgoblin closely misses your bat.
Your bat barely misses the hobgoblin.
Your bat hits the hobgoblin.
Your bat closely misses the hobgoblin.
You hit the hobgoblin but do no damage.
Your bat hits the hobgoblin but does no damage.
Your bat closely misses the hobgoblin.
The hobgoblin hits you.
You die...

.......
##.......
#......#
##+#+##......##
#..............
+............
#.........#
#....r.@..#
#.....g?b.#
#...>...b.#
#.........#
#.........#
#.........#
#.........#
#.........#
#..)......#


You could see a hobgoblin, 2 friendly bats and a friendly rat.

Vanquished Creatures
  A rat (D:1)
1 creature vanquished.

Vanquished Creatures (collateral kills)
  A kobold (D:1)
  2 rats
3 creatures vanquished.

Grand Total: 4 creatures vanquished

Notes
Turn   | Place    | Note
-------+----------+-------------------------------------------
     0 | D:1      | Acheron the Vine Stalker Summoner began the quest for the Orb.
     0 | D:1      | Reached XP level 1. HP: 9/9 MP: 4/4
   179 | D:1      | Slain by a hobgoblin

Action                   || total
-------------------------++-------
Melee: Unarmed           ||     9
       Bite              ||     1
 Cast: Summon Small Mamm ||     6
Armor: Robe              ||     1
Dodge: Dodged            ||     8
